 Dungeon Crawl Stone Soup version 0.19.1 (console) character file.

1231 Kloppie the Basher (level 8, -7/109 HPs)
             Began as a Green Draconian Berserker on Nov 25, 2016.
             Was a Priest of Trog.
             Mangled by an orc warrior
             ... wielding a +0 trident
              (14 damage)
             ... on level 6 of the Dungeon.
             The game lasted 00:06:55 (5060 turns).

Kloppie the Basher (Green Draconian Berserker)      Turns: 5060, Time: 00:06:55

Health: -7/109     AC:  7    Str: 25    XL:     8   Next: 24%
Magic:  8/8        EV: 13    Int:  7    God:    Trog [***...]
Gold:   305        SH:  0    Dex: 13    Spells: 0 memorised, 7 levels left

rFire  . . .     SeeInvis .     a - +0 mace
rCold  . . .     Gourm    +     (armour unavailable)
rNeg   . . .     Faith    .     (no shield)
rPois  +         Spirit   .     (helmet restricted)
rElec  .         Reflect  .     (no cloak)
rCorr  .         Harm     .     f - +0 pair of gloves
MR     ++...                    (no boots)
Stlth  ..........               x - amulet of the gourmand
                                (no ring)
                                (no ring)

@: berserking (expiring), regenerating, very quick
A: breathe noxious fumes, unfitting armour, poison resistance, cold-blooded, AC
+6
a: Breathe Noxious Fumes, Berserk, Trog's Hand, Burn Spellbooks, Renounce
Religion


You were on level 6 of the Dungeon.
You worshipped Trog.
Trog was most pleased with you.
You were full.

You visited 1 branch of the dungeon, and saw 6 of its levels.

You collected 305 gold pieces.

Inventory:

Hand Weapons
 a - a +0 mace (weapon)
 p - a +0 flail
Armour
 f - a +0 pair of gloves (worn)
Jewellery
 x - an amulet of the gourmand (around neck)
Wands
 q - a wand of iceblast (15/15)
 s - a wand of slowing (20/48)
 A - a wand of polymorph (15/24)
Scrolls
 e - 2 scrolls of blinking {unknown}
 g - 2 scrolls of recharging
 j - a scroll of enchant weapon {unknown}
 m - a scroll of amnesia {unknown}
 n - 2 scrolls of teleportation {unknown}
 t - a scroll of enchant armour {unknown}
 u - a scroll of remove curse {unknown}
 y - a scroll of holy word {unknown}
 B - a scroll of fear {unknown}
 D - a scroll of immolation {unknown}
Potions
 c - 3 potions of ambrosia
 d - a potion of lignification
 h - a potion of brilliance
 k - 3 potions of haste
 l - a potion of resistance
 o - 4 potions of flight
 r - a potion of curing
 v - a potion of invisibility {unknown}
 z - a potion of magic {unknown}
Comestibles
 b - 4 bread rations
 w - a meat ration
 C - 9 chunks of flesh


   Skills:
 + Level 7.1 Fighting
 * Level 8.7 Maces & Flails
 - Level 2.6 Dodging


You had 7 spell levels left.
You didn't know any spells.

Dungeon Overview and Level Annotations

Branches:
Dungeon (6/15)             Temple (0/1) D:5

Altars:
Hepliaklqana
Makhleb
Ru
Sif Muna
Yredelemnul
Beogh


Innate Abilities, Weirdness & Mutations

You can breathe blasts of noxious fumes.
Your lurid green scales are hard. (AC +6)
You cannot fit into any form of body armour.
Your system is resistant to poisons. (rPois)
You are cold-blooded and may be slowed by cold attacks.


Message History

* * * LOW HITPOINT WARNING * * *
You see here a club.
You sock the orc warrior!
The orc warrior is severely wounded.
You barely miss the orc warrior.
Your tail-slap misses the orc warrior.
The orc warrior is severely wounded.
The orc warrior hits you with a trident!
* * * LOW HITPOINT WARNING * * *
You closely miss the orc warrior.
The orc warrior is severely wounded.
You hit the orc warrior but do no damage.
The orc warrior is severely wounded.
The orc warrior hits you with a trident.
* * * LOW HITPOINT WARNING * * *
You closely miss the orc warrior.
The orc warrior is severely wounded.
You hit the orc warrior.
The orc warrior is severely wounded.
The orc warrior hits you with a trident!
You die...

####..##### #..#####
#....... ##.####. #.#
## #.# #
#####################
#.....%.....o.......#
###..@#...#...#...#..#
#.....o.)..........._#
#.#...#.))#...#...#..#
#....................#
#.####################
#.###################
#...................#
###########.........##
#.......(...


You could see an orc warrior.

Vanquished Creatures
  Sigmund (D:3)
  2 sky beasts (D:5)
  A centaur (D:5)
  2 bullfrogs (D:6)
  2 scorpions (D:4)
  A crimson imp (D:5)
  A bullfrog zombie (D:5)
  A jelly (D:5)
  A hound (D:5)
  5 orc priests
  An iguana (D:4)
  3 worker ants
  4 gnolls (D:6)
  3 adders
  A shadow imp (D:5)
  3 oozes
  An adder skeleton (D:5)
  3 worms
  3 dart slugs
  6 leopard geckos
  17 orcs
  2 ball pythons (D:1)
  9 bats
  3 giant cockroaches
  5 hobgoblins
  7 jackals
  6 kobolds
  2 quokkas
  7 frilled lizards
  12 goblins
  7 rats
  A spectral orc (D:4)
123 creatures vanquished.

Notes
Turn   | Place    | Note
-------+----------+-------------------------------------------
     0 | D:1      | Kloppie the Draconian Berserker began the quest for the Orb.
     0 | D:1      | Reached XP level 1. HP: 19/19 MP: 1/1
   183 | D:1      | Reached XP level 2. HP: 26/26 MP: 2/2
   510 | D:1      | Reached XP level 3. HP: 31/33 MP: 3/3
   919 | D:2      | Reached skill level 4 in Maces & Flails
  1273 | D:2      | Reached ** piety under Trog
  1541 | D:2      | Found a hazy altar of Hepliaklqana.
  1694 | D:2      | Reached XP level 4. HP: 35/40 MP: 4/4
  1801 | D:3      | Noticed Sigmund
  1808 | D:3      | Killed Sigmund
  1808 | D:3      | Reached skill level 5 in Maces & Flails
  1808 | D:3      | Reached XP level 5. HP: 47/47 MP: 5/5
  2159 | D:3      | Reached skill level 5 in Fighting
  2161 | D:3      | Reached XP level 6. HP: 56/56 MP: 6/6
  2392 | D:3      | Found a roughly hewn altar of Beogh.
  2400 | D:3      | Reached skill level 6 in Maces & Flails
  3209 | D:4      | Your scales start taking on a lurid green colour.
  3209 | D:4      | Reached XP level 7. HP: 38/61 MP: 7/7
  3209 | D:4      | Gained mutation: Your system is resistant to poisons. (rPois) [Green Draconian growth]
  3452 | D:4      | Found a basalt altar of Yredelemnul.
  3685 | D:5      | Entered Level 5 of the Dungeon
  3703 | D:5      | Found a deep blue altar of Sif Muna.
  3859 | D:5      | Found a staircase to the Ecumenical Temple.
  3975 | D:5      | Found a sacrificial altar of Ru.
  3996 | D:5      | Reached skill level 7 in Maces & Flails
  4387 | D:5      | Reached skill level 8 in Maces & Flails
  4659 | D:5      | Reached *** piety under Trog
  4918 | D:6      | Reached XP level 8. HP: 71/71 MP: 8/8
  5021 | D:6      | Found a burning altar of Makhleb.
  5060 | D:6      | Mangled by an orc warrior

Skill      XL: |  1  2  3  4  5  6  7  8 |
---------------+-------------------------+-----
Maces & Flails | 4 5 6 8 |  8.7
Fighting       | 4 5 6 7 |  7.1
Dodging        | |  2.6

Action                   |  1- 3 |  4- 6 |  7- 9 || total
-------------------------+-------+-------+-------++-------
Melee: Mace              |   132 |   136 |   165 ||   433
       Tailslap          |    11 |    24 |    28 ||    63
Invok: Berserk           |     2 |     5 |     4 ||    11
       Trog's Hand       |       |       |     2 ||     2
 Abil: Breathe Noxious F |       |       |     3 ||     3
  Use: Scroll            |       |       |     8 ||     8
       Potion            |       |       |     3 ||     3
 Stab: Sleeping          |       |     1 |       ||     1
       Confused          |       |       |     2 ||     2
  Eat: Chunk             |     5 |    10 |    16 ||    31
Armor: Skin              |    49 |    34 |    44 ||   127
Dodge: Dodged            |    68 |    86 |   105 ||   259
